 Dungeon Crawl Stone Soup version 0.26.1-2-gb8aa6d0cf2 (webtiles) character file.

Game seed: 1805983308688145893

664974 DearestLeader the Cryomancer (level 27, -6/170 HPs)
             Began as a Gargoyle Earth Elementalist on Mar 7, 2021.
             Was the Champion of Vehumet.
             Killed from afar by a balrug (13 damage)
             ... with a bolt of fire
             ... on level 7 of Gehenna on Mar 8, 2021.
             The game lasted 04:01:42 (86363 turns).

DearestLeader the Cryomancer (GrEE)                Turns: 86363, Time: 04:01:42

Health: -6/170     AC: 36    Str: 11    XL:     27
Magic:  27/47      EV: 20    Int: 27    God:    Vehumet [******]
Gold:   6883       SH: 14    Dex: 19    Spells: 11/66 levels left

rFire    + + .     SeeInvis +   W - staff of cold
rCold    + + +     Faith    .   V - +1 kite shield {reflect}
rNeg     + + +     Spirit   .   w - +2 leather armour of the Onion {rC++ rCorr}
rPois    ∞         Reflect  +   R - +0 mask of the Dragon {Will+ Slay+3 SInv}
rElec    +         Harm     .   j - +2 cloak of Weirdness {Str-3 Dex+9 Stlth+}
rCorr    +         Rampage  .   P - +1 pair of gloves of the Gloaming {+Blink rF+ rN+ Str-4}
Will     +++++     Clarity  +   i - +2 pair of boots
Stlth    +++.......             Q - amulet of the Four Winds {rN+ Will+++ Clar}
HPRegen  0.38/turn              x - ring of the Lotus Blossom {Wiz rPois rF+ Str+4 Slay+2}
MPRegen  0.30/turn              Z - ring "Adeopranibb" {Wiz rC+}

@: no potions, flying
A: big wings, negative energy resistance 1, electricity resistance, unbreathing,
petrification resistance, miasma immunity, AC +20
}: 4/15 runes: serpentine, barnacled, silver, abyssal
a: Stop Flying, Renounce Religion, Evoke Blink


You were on level 7 of Gehenna.
You worshipped Vehumet.
Vehumet was exalted by your worship.
You visited 11 branches of the dungeon, and saw 53 of its levels.
You visited the Abyss 1 time.
You also visited: Trove, Bailey, Gauntlet and Volcano.

You collected 10229 gold pieces.
You spent 3346 gold pieces at shops.

Inventory:

Missiles
 b - 1167 stones
Armour
 i - a +2 pair of boots (worn)
 j - the +2 cloak of Weirdness (worn) {Str-3 Dex+9 Stlth+}
   (You found it in a treasure trove)

   It affects your strength (-3).
   It affects your dexterity (+9).
   It makes you more stealthy.
 w - the +2 leather armour of the Onion (worn) {rC++ rCorr}
   (You found it on level 4 of the Lair of Beasts)

   It greatly protects you from cold.
   It provides partial protection from all sources of acid and corrosion.
 P - the +1 pair of gloves of the Gloaming (worn) {+Blink rF+ rN+ Str-4}
   (You found it on level 10 of the Dungeon)

   It affects your strength (-4).
   It protects you from fire.
   It protects you from negative energy.
   It lets you blink.
 R - the +0 mask of the Dragon (worn) {Will+ Slay+3 SInv}
   (You found it in a bailey)

   It affects your accuracy and damage with ranged weapons and melee attacks
   (+3).
   It affects your willpower, your defense against some magical effects.
   It lets you see invisible.
 V - a +1 kite shield of reflection (worn)
Magical Staves
 T - an uncursed staff of earth
 W - an uncursed staff of cold (weapon)
Jewellery
 n - the ring of Komusez {Wiz rF+}
   (You took it off a yaktaur captain on level 5 of the Vaults)

   [ring of wizardry]

   It improves your spell success rate.
   It protects you from fire.
 v - the ring of Kutesh {MP+9 Dex+3}
   (You took it off a fire giant on level 5 of the Vaults)

   [ring of magical power]

   It affects your dexterity (+3).
   It affects your magic capacity (+9).
 x - the ring of the Lotus Blossom (left hand) {Wiz rPois rF+ Str+4 Slay+2}
   (You took it off a frost giant on level 1 of the Depths)

   [ring of wizardry]

   It improves your spell success rate.
   It affects your strength (+4).
   It affects your accuracy and damage with ranged weapons and melee attacks
   (+2).
   It protects you from fire.
   It protects you from poison.
 A - the amulet "Susif" {+Blink rF++ Regen+}
   (You found it on level 3 of the Depths)

   [amulet of regeneration]

   It greatly protects you from fire.
   It lets you blink.
   It increases your rate of regeneration.
 C - an uncursed ring of positive energy
 Q - the amulet of the Four Winds (around neck) {rN+ Will+++ Clar}
   (You bought it in a shop on level 2 of the Orcish Mines)

   [amulet of nothing]

   It protects you from negative energy.
   It affects your willpower, your defense against some magical effects.
   It protects you against confusion.
 Y - an uncursed amulet of magic regeneration
 Z - the ring "Adeopranibb" (right hand) {Wiz rC+}
   (You bought it in a shop on level 2 of the Orcish Mines)

   [ring of wizardry]

   It improves your spell success rate.
   It protects you from cold.
Wands
 c - a wand of paralysis (27)
 o - a wand of acid (76)
 y - a wand of digging (21)
 H - a wand of iceblast (98)
 L - a wand of disintegration (108)
 O - a wand of enslavement (18)
 X - a wand of random effects (112)
Scrolls
 f - 30 scrolls of teleportation
 g - 4 scrolls of summoning
 l - 31 scrolls of remove curse
 m - 10 scrolls of fog
 p - a scroll of amnesia
 s - 12 scrolls of magic mapping
 u - a scroll of enchant armour
 z - 5 scrolls of vulnerability
 B - 5 scrolls of blinking
 D - a scroll of holy word
 I - 5 scrolls of fear
 J - 7 scrolls of identify
Potions
 a - 2 potions of resistance
 d - 21 potions of curing
 e - 18 potions of heal wounds
 h - 2 potions of cancellation
 k - 3 potions of magic
 q - 12 potions of ambrosia
 r - 11 potions of mutation
 t - 16 potions of haste
 F - 7 potions of might
 M - 8 potions of invisibility
 N - 9 potions of brilliance
Miscellaneous
 S - a condenser vane


   Skills:
 + Level 16.7 Fighting
 - Level 12.0 Staves
 - Level 10.0 Armour
 - Level 10.0 Dodging
 - Level 2.1 Stealth
 - Level 15.0 Shields
 + Level 20.3 Spellcasting
 - Level 16.7 Conjurations
 - Level 8.0 Summonings
 - Level 0.7 Transmutations
 - Level 25.0 Ice Magic
 * Level 20.7 Earth Magic
 - Level 6.2 Evocations


You had 11 spell levels left.
You knew the following spells:

 Your Spells              Type           Power        Failure   Level
a - Sandblast             Erth           100%         0%          1
b - Stone Arrow           Conj/Erth      100%         0%          3
c - Lee's Rapid Deconstr  Erth           48%          0%          5
d - Petrify               Tmut/Erth      71%          1%          4
e - Absolute Zero         Ice            63%          1%          9
f - Ozocubu's Refrigerat  Ice            63%          0%          6
g - Metabolic Englaciati  Hex/Ice        48%          1%          5
h - Iron Shot             Conj/Erth      45%          1%          6
i - Shatter               Erth           48%          4%          9
j - Spellforged Servitor  Conj/Summ      38%          1%          7

Your spell library contained the following spells:

 Spells                   Type           Power        Failure   Level
 Chain Lightning          Conj/Air       32%          34%         8
 Freeze                   Ice            100%         0%          1
 Magic Dart               Conj           100%         0%          1
 Ensorcelled Hibernation  Hex/Ice        100%         0%          2
 Searing Ray              Conj           100%         0%          2
 Frozen Ramparts          Ice            100%         0%          3
 Animate Skeleton         Necr           54%          1%          1
 Apportation              Tloc           54%          1%          1
 Beastly Appendage        Tmut           62%          1%          1
 Corona                   Hex            30%          1%          1
 Foxfire                  Conj/Fire      100%         1%          1
 Pain                     Necr           100%         1%          1
 Shock                    Conj/Air       100%         1%          1
 Summon Small Mammal      Summ           100%         1%          1
 Blink                    Tloc           N/A          1%          2
 Call Imp                 Summ           63%          1%          2
 Passwall                 Tmut/Erth      59%          1%          2
 Poisonous Vapours        Pois/Air       54%          1%          2
 Slow                     Hex            27%          1%          2
 Swiftness                Air            27%          1%          2
 Wereblood                Tmut           31%          1%          2
 Conjure Flame            Conj/Fire      64%          1%          3
 Dazzling Flash           Conj/Hex       100%         1%          3
 Inner Flame              Hex/Fire       27%          1%          3
 Lesser Beckoning         Tloc           13%          1%          3
 Mephitic Cloud           Conj/Pois/Air  55%          1%          3
 Portal Projectile        Hex/Tloc       54%          1%          3
 Spider Form              Tmut/Pois      14%          1%          3
 Tukima's Dance           Hex            27%          1%          3
 Vampiric Draining        Necr           13%          1%          3
 Fulminant Prism          Conj/Hex       32%          1%          4
 Ice Form                 Ice/Tmut       98%          1%          4
 Iskenderun's Mystic Bla  Conj/Tloc      64%          1%          4
 Leda's Liquefaction      Hex/Erth       35%          1%          4
 Sticky Flame             Conj/Fire      64%          1%          4
 Bolt of Magma            Conj/Fire/Erth 38%          1%          5
 Borgnjor's Vile Clutch   Necr/Erth      35%          1%          5
 Fireball                 Conj/Fire      32%          1%          5
 Irradiate                Conj/Tmut      32%          1%          5
 Summon Demon             Summ           31%          1%          5
 Freezing Cloud           Conj/Ice/Air   50%          1%          6
 Simulacrum               Ice/Necr       48%          1%          6
 Summon Forest            Summ/Tloc      24%          2%          5
 Summon Mana Viper        Hex/Summ       49%          2%          5
 Shadow Creatures         Summ           N/A          3%          6
 Animate Dead             Necr           13%          5%          4
 Cause Fear               Hex            13%          5%          4
 Dispel Undead            Necr           27%          5%          4
 Passage of Golubria      Tloc           N/A          5%          4
 Yara's Violent Unravell  Hex/Tmut       14%          5%          5
 Blade Hands              Tmut           15%          11%         5
 Alistair's Intoxication  Tmut/Pois      19%          12%         5
 Agony                    Necr           27%          13%         5
 Silence                  Hex/Air        13%          13%         5
 Summon Hydra             Summ           31%          16%         7
 Eringya's Noxious Bog    Tmut/Pois      14%          24%         6
 Hydra Form               Tmut           15%          45%         6
 Death Channel            Necr           13%          54%         6
 Invisibility             Hex            27%          54%         6
 Haunt                    Necr/Summ      24%          58%         7
 Malign Gateway           Summ/Tloc      24%          58%         7
 Dragon Form              Tmut           15%          94%         7
 Borgnjor's Revivificati  Necr           13%          100%        8
 Infestation              Necr           13%          100%        8
 Necromutation            Tmut/Necr      14%          100%        8
 Death's Door             Necr           13%          100%        9
 Tornado                  Air            13%          100%        9
 Sublimation of Blood     Necr           Unusable     N/A         2
 Statue Form              Tmut/Erth      Unusable     N/A         6

Dungeon Overview and Level Annotations

Branches:
Dungeon (15/15)            Temple (1/1) D:7            Lair (6/6) D:10
 Shoals (4/4) Lair:2        Snake (4/4) Lair:2        Slime (0/5) Lair:5
    Orc (2/2) D:10            Elf (3/3) Orc:2        Vaults (5/5) D:14
  Crypt (0/3) Vaults:3     Depths (5/5) D:15           Hell (visited)
    Dis (0/7) Hell            Geh (7/7) Hell            Coc (0/7) Hell
    Tar (0/7) Hell            Zot (0/5) Depths:5     Bailey (visited)
Volcano (visited)         Gauntlet (visited)

Altars:
Dithmenos
Fedhas
Gozag
Kikubaaqudgha
Makhleb
Qazlal
Ru
Sif Muna
Trog
Uskayaw
Vehumet
Wu Jian
Xom
The Shining One
Beogh
Jiyva

Shops:
D:9 =   Orc:1 !   Orc:2 *=*}   Elf:2 }   Shoals:1 ![*(?   Shoals:2 (
Snake:1 :=   Vaults:3 !   Depths:5 =

Portals:
Hell: Depths:1 Depths:2 Depths:3 Depths:4 Depths:5
Abyss: Lair:5 Depths:3 Depths:4
Pandemonium: Depths:2 Depths:3
Ziggurat: Depths:1

Annotations:
D:7 2 transporters, Cykl0x's ghost, novice MiFi
Lair:3 1 runed translucent door, kelmiir's ghost, journeyman OpFE
Vaults:3 2 transporters


Innate Abilities, Weirdness & Mutations

You are resistant to torment.
Your stone body is resilient. (AC +20)
You are immune to poison.
Your large and strong wings let you fly indefinitely.
You resist negative energy. (rN+)
You are resistant to electric shocks. (rElec)
You can survive without breathing.
You are immune to petrification.
You are immune to miasma.


Message History

Unknown command.
Casting: Ozocubu's Refrigeration (safe; 0% risk of failure)
Confirm with . or Enter, or press ? or * to list all spells.
You feel a surge of power!
The heat is drained from your surroundings.
You resist.
You feel very cold.
The hellion is frozen.
You kill the hellion!
Vehumet accepts your kill.
You feel your power returning.
You cannot drink potions in your current state!
Unknown command.
Things that are here:
a +0 trident; a +1 demon whip of draining
There are no items here.
There are no items here.
A balrug comes into view.
It is wielding a +1 demon whip of pain and wearing a +1 robe of fire resistance.
A sun demon comes into view.
The balrug gestures at you. The bolt of fire hits you! You resist.
You die...

#§§.§.. #§§§§..
#≈..≈.. #§..≈..
'# #≈§§... '.#
#≈.§... #..#
#≈.≈..3####..)#
#@.#....##.
##)#....''.
##$2....''
##$.)....##
#).).....#
#}..##...###
##.......#.##.$##
##......'))....#
#.#.........#.#


You could see a balrug and a sun demon.

Vanquished Creatures
  An ancient lich (Vaults:5)
  A juggernaut (Depths:1)
  Sojobo (Depths:5)
  Bai Suzhen (Shoals:4)
  Saint Roka (Depths:3)
  Geryon (Hell)
  Xtahua (Vaults:4)
  4 golden dragons
  Jory (Depths:4)
  2 profane servitors (Abyss:3)
  A bone dragon (Abyss:1)
  7 liches
  Rupert (Lair:6)
  9 Brimstone Fiends
  4 tentacled monstrosities
  6 titans
  Jorgrun (Elf:2)
  2 deep elf master archers (Elf:3)
  3 deep elf blademasters (Elf:3)
  An Executioner (Abyss:4)
  3 quicksilver dragons (Vaults:5)
  Polyphemus (Shoals:2)
  A sphinx (shapeshifter) (Vaults:2)
  11 tentacled starspawn
  A kraken (Shoals:2)
  6 sphinxes
  9 tengu reavers
  6 storm dragons
  A thorn hunter (Abyss:4)
  Ilsuiw (Shoals:2)
  A draconian monk (Depths:5)
  Gastronok (Lair:3)
  The ghost of Qymaymp the Geomancer, an adept GrEE of Vehumet (D:14)
  A daeva (Abyss:4)
  13 frost giants
  10 shadow dragons
  Roxanne (Elf:1)
  10 deep elf sorcerers
  8 nagarajas
  10 fire giants
  A draconian scorcher (Abyss:1)
  13 vault wardens
  A cacodemon (Abyss:1)
  An orc warlord (Orc:1)
  An iron dragon (Vaults:5)
  12 balrugs
  A draconian shifter (Depths:5)
  6 war gargoyles
  An angel (Abyss:3)
  The ghost of hydrownug the Fighter, a journeyman OgWn of Ru (Lair:6)
  15 ironheart preservers
  7 deep elf elementalists
  A draconian stormcaller (Depths:5)
  A spriggan defender (Depths:4)
  22 stone giants
  35 very ugly things
  A green draconian (Depths:5)
  4 vampire knights
  6 reapers
  2 white draconians
  Nessos (D:12)
  3 lorocyprocas
  9 deep elf annihilators
  12 deep elf demonologists
  2 black draconians (Depths:5)
  A red draconian (Abyss:1)
  9 spark wasps
  An eidolon (Abyss:1)
  The ghost of Ruewk the Archer, a journeyman CeAM of Okawaru (Lair:5)
  A crystal guardian (Vaults:2)
  5 entropy weavers
  10 deep elf death magi
  2 merfolk javelineers
  A green death (Hell)
  10 ettins
  3 jiangshi (Depths:3)
  3 blizzard demons
  5 merfolk impalers
  22 yaktaur captains
  2 quicksilver dragon zombies
  6 deep elf high priests
  14 fire dragons
  Fannar (Lair:1)
  16 naga warriors
  10 ice dragons
  Erolcha (Orc:1)
  7 hydras
  A boulder beetle (shapeshifter) (Vaults:5)
  12 great orbs of eyes
  36 vault guards
  2 catoblepae
  3 boulder beetles
  4 rakshasas
  2 alligator snapping turtles
  3 merfolk aquamancers (Shoals:4)
  A merfolk avatar (Shoals:2)
  3 spriggan air magi
  12 centaur warriors
  4 death knights
  A queen ant (Lair:4)
  4 anacondas
  9 deep troll earth magi
  An alligator (shapeshifter) (Depths:3)
  13 deep troll shamans
  5 vampire magi
  3 orc high priests
  A satyr (Shoals:4)
  37 hell hogs
  39 two-headed ogres
  11 ogre magi
  17 thrashing horrors
  2 death yaks (Shoals:2)
  28 dancing weapons
  6 shock serpents
  12 naga sharpshooters
  6 tengu warriors
  17 sun demons
  2 storm dragon zombies
  A titan zombie (Geh:5)
  26 deep elf knights
  7 spriggan berserkers
  26 hell knights
  8 soul eaters
  2 shadow wraiths
  3 iron golems
  2 spectral death yaks (Lair:6)
  4 sixfirhies
  A titan skeleton (Geh:2)
  22 deep trolls
  A spectral spark wasp (D:14)
  4 iron trolls
  A salamander mystic (Snake:1)
  A goliath frog (shapeshifter) (Depths:3)
  2 wretched stars
  3 spatial maelstroms
  A storm dragon skeleton (Geh:7)
  4 anaconda zombies
  A golden dragon zombie (Hell)
  9 skeletal warriors
  A death drake (shapeshifter) (Lair:5)
  An unseen horror (D:9)
  11 glowing orange brains
  11 sea snakes
  A swamp dragon (Abyss:4)
  11 flayed ghosts
  2 sea snakes (shapeshifter)
  2 obsidian statues
  A kraken simulacrum (Hell)
  An orange crystal statue (D:10)
  8 wizards
  An anaconda skeleton (Geh:7)
  4 naga ritualists
  9 orc knights
  14 deep elf archers
  An orb spider (shapeshifter) (Depths:1)
  16 ironbrand convokers
  Pikel (D:5)
  2 frost giant zombies
  5 mana vipers
  33 harpies
  2 iron dragon zombies (Geh:4)
  A wolf spider zombie (Geh:3)
  3 stone giant zombies (D:15)
  2 harpies (shapeshifter) (Depths:3)
  A shining eye (shapeshifter) (Vaults:5)
  42 ugly things
  9 phantasmal warriors
  64 deep elf magi
  A golden dragon skeleton (Geh:2)
  13 necromancers
  2 will-o-the-wisps (Abyss:1)
  2 oklob plants (Lair:3)
  9 fauns
  8 salamanders
  A spectral spriggan (D:14)
  4 worldbinders
  3 wolf spiders
  10 cyclopes
  A frost giant skeleton (Geh:5)
  21 manticores
  6 orc sorcerers
  38 black mambas
  11 merfolk sirens
  12 elephants
  5 guardian serpents
  2 human skeletons
  7 molten gargoyles
  A dire elephant zombie (Abyss:1)
  A fire giant skeleton (Geh:6)
  10 rust devils
  16 vault sentinels
  17 smoke demons
  3 apocalypse crabs
  5 orange demons
  A water nymph (shapeshifter) (Vaults:3)
  2 centaur zombies (D:14)
  A shock serpent zombie (Geh:5)
  11 water nymphs
  27 naga magi
  2 shock serpent skeletons
  5 spectral swamp worms (Depths:1)
  A titan simulacrum (Vaults:3)
  A rime drake (shapeshifter) (D:6)
  A cane toad (shapeshifter) (Vaults:3)
  11 hellions
  17 cane toads
  3 gargoyles
  2 komodo dragons (shapeshifter)
  4 kobold demonologists
  65 yaktaurs
  2 demonic crawlers
  5 efreet
  6 rime drakes
  6 freezing wraiths
  A redback zombie (D:13)
  A hellwing (Abyss:3)
  A dire elephant skeleton (Hell)
  8 tormentors
  9 komodo dragons
  A yaktaur (shapeshifter) (Depths:3)
  10 ancient zymes
  4 hydra zombies
  2 tengu conjurers
  A yaktaur skeleton (Vaults:4)
  A queen bee (D:10)
  A catoblepas skeleton (Geh:5)
  2 trolls (shapeshifter) (Depths:3)
  A minotaur skeleton (Geh:4)
  A guardian mummy (D:15)
  19 polar bears
  5 wind drakes
  16 red devils
  A jumping spider (Vaults:4)
  16 trolls
  An ice devil (Hell)
  16 merfolk
  26 raiju
  2 wind drakes (shapeshifter)
  7 hornets
  An ice dragon zombie (Geh:4)
  A polar bear (shapeshifter) (Depths:5)
  26 slime creatures
  2 alligator zombies
  2 harpy skeletons
  A spriggan zombie (D:14)
  9 snapping turtles
  2 hornets (shapeshifter)
  A raiju (shapeshifter) (Abyss:3)
  A spectral black mamba (Lair:6)
  14 blink frogs
  An ettin zombie (Geh:6)
  A fire giant simulacrum (D:14)
  3 hydra skeletons
  Sigmund (D:5)
  An alligator skeleton (Geh:7)
  2 spriggans
  39 flying skulls
  6 ynoxinuls
  18 wyverns
  A spriggan skeleton (D:15)
  2 redbacks (shapeshifter)
  7 redbacks
  A spriggan (shapeshifter) (Vaults:4)
  7 shadows
  A tarantella (shapeshifter) (Vaults:3)
  12 water elementals
  2 ice dragon skeletons
  A vampire (D:11)
  3 air elementals (Elf:2)
  3 tarantellas (Vaults:4)
  6 basilisks
  13 wraiths
  59 yaks
  A basilisk (shapeshifter) (Depths:3)
  An ettin skeleton (Geh:6)
  11 starcursed masses
  A black mamba skeleton (Geh:7)
  3 hogs (shapeshifter)
  9 fire bats
  23 fire elementals
  6 humans (D:14)
  A steam dragon (D:11)
  5 chaos spawn
  16 vampire mosquitoes
  A yaktaur simulacrum (Vaults:4)
  3 neqoxecs
  A spectral komodo dragon (Lair:6)
  A harpy simulacrum (Abyss:3)
  48 nagas
  A spriggan simulacrum (D:14)
  3 spatial vortices (Abyss:1)
  10 wargs
  Edmund (D:6)
  17 large abominations
  A naga (shapeshifter) (Depths:2)
  18 soldier ants (Lair:4)
  A soldier ant (shapeshifter) (Vaults:2)
  26 water moccasins
  A floating eye (Depths:1)
  2 acid dragons
  2 floating eyes (shapeshifter) (Depths:3)
  33 hell hounds
  2 hydra simulacra (Hell)
  A merfolk skeleton (Geh:5)
  3 cane toad zombies
  34 orc warriors
  7 sky beasts
  17 black bears
  3 ice beasts
  A black bear (shapeshifter) (Depths:3)
  4 necrophages
  A snapping turtle zombie (Geh:7)
  An eye of draining (shapeshifter) (D:15)
  4 phantoms
  2 eyes of draining
  A manticore zombie (Geh:5)
  5 boggarts (D:14)
  26 centaurs
  51 ogres
  22 wolves
  A snapping turtle skeleton (Geh:5)
  A manticore skeleton (Geh:7)
  3 human zombies
  22 big kobolds
  24 bullfrogs
  5 earth elementals
  A water moccasin zombie (D:7)
  27 small abominations
  5 scorpions
  2 water moccasin skeletons
  29 killer bees
  A troll zombie (Abyss:1)
  28 wights
  3 electric eels (D:15)
  3 howler monkeys
  6 lava snakes (Volcano)
  3 bullfrog zombies
  12 crimson imps
  2 komodo dragon simulacra (Lair:6)
  2 quasits (Abyss:1)
  10 hounds
  4 iron imps
  18 orc priests
  5 centaur skeletons
  Crazy Yiuf (D:5)
  A bullfrog skeleton (D:7)
  4 jellies
  23 orc wizards
  Jessica (D:3)
  6 hell rats (Hell)
  Ijyb (D:3)
  4 iguanas
  38 worker ants
  An ogre zombie (Geh:5)
  2 worker ant zombies (D:5)
  12 adders
  2 gnolls (Bailey)
  2 shadow imps (D:7)
  7 white imps
  3 ufetubi
  7 oozes
  An adder zombie (D:8)
  3 adder skeletons
  2 worms (D:3)
  3 dart slugs
  5 leopard geckos
  80 orcs
  5 giant cockroaches
  11 goblins
  8 hobgoblins
  7 jackals
  5 quokkas
  A ball python (D:4)
  7 bats
  4 frilled lizards
  A giant cockroach zombie (D:5)
  2 jackal skeletons (D:5)
  2 jackal zombies (D:5)
  33 kobolds
  A kobold zombie (Geh:6)
  An orc skeleton (Geh:7)
  2 quokka zombies
  9 rats
  A block of ice (Geh:5)
  4 bushes
  2 lurking horrors (Abyss:4)
  3 starspawn tentacles
  4 tentacles (Shoals:2)
2877 creatures vanquished.

Vanquished Creatures (others)
  A very ugly thing (Depths:4)
  3 ice dragons (Depths:2)
  A vault guard (D:14)
  2 hell hogs
  A rust devil (Depths:4)
  A black mamba (Lair:3)
  A hydra skeleton (Geh:5)
  An ettin skeleton (Geh:7)
  3 small abominations
  A chaos spawn (Abyss:4)
  A manticore zombie (Geh:7)
  A centaur zombie (Geh:5)
  161 blocks of ice
  4 foxfires (Abyss:1)
  45 fungi
  A lurking horror (Abyss:3)
  274 plants
  23 starspawn tentacles
  4 tentacles (Hell)
  9 withered plants (D:15)
538 creatures vanquished.

Grand Total: 3415 creatures vanquished

Notes
Turn   | Place    | Note
-------+----------+-------------------------------------------
     0 | D:1      | DearestLeader the Gargoyle Earth Elementalist began the
                  | quest for the Orb.
     0 | D:1      | Reached XP level 1. HP: 10/10 MP: 3/3
   171 | D:1      | Reached XP level 2. HP: 13/15 MP: 0/5
  1365 | D:2      | Reached skill level 5 in Earth Magic
  1365 | D:2      | Reached XP level 3. HP: 19/19 MP: 3/6
  1907 | D:2      | Reached XP level 4. HP: 19/24 MP: 7/7
  1911 | D:2      | Learned a level 3 spell: Stone Arrow
  2924 | D:3      | Noticed Ijyb
  2931 | D:3      | Killed Ijyb
  3326 | D:3      | Reached XP level 5. HP: 27/28 MP: 8/8
  3703 | D:3      | Noticed Jessica
  3713 | D:3      | Killed Jessica
  4664 | D:4      | Reached XP level 6. HP: 22/32 MP: 0/9
  4801 | D:4      | Noticed a +0 hand axe
  4802 | D:4      | Found a hide-covered altar of Uskayaw.
  4802 | D:4      | Noticed a +3 hand axe
  5079 | D:4      | Found a shadowy altar of Dithmenos.
  5418 | D:4      | Learned a level 5 spell: Lee's Rapid Deconstruction
  5793 | D:5      | Entered Level 5 of the Dungeon
  5839 | D:5      | Reached XP level 7. HP: 27/36 MP: 10/10
  5937 | D:5      | Noticed Sigmund
  5942 | D:5      | Killed Sigmund
  6022 | D:5      | Noticed Pikel
  6085 | D:5      | Killed Pikel
  6086 | D:5      | Reached skill level 10 in Earth Magic
  6086 | D:5      | Reached XP level 8. HP: 23/41 MP: 4/13
  6832 | D:5      | Learned a level 4 spell: Petrify
  7005 | D:5      | Found a runed translucent door.
  7006 | D:5      | Noticed Crazy Yiuf
  7110 | D:5      | Killed Crazy Yiuf
  7344 | D:6      | Noticed a shapeshifter
  7344 | D:6      | an adder changed into a shapeshifter
  7344 | D:6      | Noticed a rime drake
  7344 | D:6      | a shapeshifter changed into a rime drake
  7349 | D:6      | Killed a rime drake
  7350 | D:6      | Reached skill level 1 in Fighting
  7648 | D:6      | Reached XP level 9. HP: 49/49 MP: 12/16
  7942 | D:6      | Noticed Edmund
  7959 | D:6      | Killed Edmund
  7960 | D:6      | Reached skill level 5 in Spellcasting
  8923 | D:7      | Found a transporter.
  8929 | D:7      | Noticed a moth of wrath
  8929 | D:7      | Noticed Cykl0x's ghost (novice MiFi)
  9023 | D:7      | Found a staircase to the Ecumenical Temple.
  9032 | Temple   | Entered the Ecumenical Temple
  9084 | Temple   | Became a worshipper of Vehumet
  9287 | D:7      | Found a stormy altar of Qazlal.
  9466 | D:7      | Found a transporter.
  9637 | D:7      | Learned a level 3 spell: Mephitic Cloud
  9989 | D:8      | Reached skill level 1 in Conjurations
  9996 | D:8      | Reached XP level 10. HP: 46/58 MP: 8/19
 10140 | D:8      | Reached skill level 5 in Fighting
 10148 | D:8      | Reached * piety under Vehumet
 10148 | D:8      | Offered knowledge of Foxfire by Vehumet.
 10670 | D:8      | Found a shimmering altar of Xom.
 11107 | D:8      | Found a radiant altar of Vehumet.
 11357 | D:9      | Found Ihacrin's Jewellery Emporium.
 11407 | D:9      | Noticed a centaur warrior
 11409 | D:9      | Noticed a death knight
 11411 | D:9      | Noticed a cyclops
 11412 | D:9      | Killed an unseen horror
 11412 | D:9      | Killed a centaur warrior
 11413 | D:9      | Reached skill level 5 in Conjurations
 11980 | D:9      | Killed a cyclops
 12214 | D:9      | Offered knowledge of Shock by Vehumet.
 12215 | D:9      | Reached XP level 11. HP: 39/66 MP: 21/21
 12343 | D:9      | Found an ancient bone altar of Kikubaaqudgha.
 12352 | D:9      | Found a burning altar of Makhleb.
 12438 | D:9      | Reached ** piety under Vehumet
 13031 | D:8      | Killed a death knight
 13064 | D:10     | Entered Level 10 of the Dungeon
 13064 | D:10     | Found a staircase to the Lair.
 13064 | D:10     | Noticed a fire dragon
 13075 | D:10     | Killed a fire dragon
 13108 | D:10     | Found a flagged portal.
 13118 | D:10     | Got a pair of glimmering gloves
 13181 | Bailey   | Entered a bailey
 13187 | Bailey   | Identified the +1 pair of gloves of the Gloaming {+Blink
                  | rF+ rN+ Str-4} (You found it on level 10 of the Dungeon)
 13600 | Bailey   | Offered knowledge of Frozen Ramparts by Vehumet.
 13965 | Bailey   | Found the +0 mask of the Dragon {Will+ Slay+3 SInv}
 14222 | D:10     | Noticed an ogre mage
 14230 | D:10     | Killed an ogre mage
 14514 | D:10     | Reached *** piety under Vehumet
 14595 | D:10     | Noticed an orange crystal statue
 14597 | D:10     | Killed an orange crystal statue
 14598 | D:10     | Reached skill level 1 in Armour
 14705 | D:10     | Found a staircase to the Orcish Mines.
 14891 | D:10     | Offered knowledge of Inner Flame by Vehumet.
 15452 | Lair:1   | Entered Level 1 of the Lair of Beasts
 15516 | Lair:1   | Noticed Fannar
 15535 | Lair:1   | Killed Fannar
 15536 | Lair:1   | Reached XP level 12. HP: 41/73 MP: 2/24
 15562 | Lair:1   | Found a gate leading to a gauntlet.
 15571 | Gauntlet | Entered a Gauntlet
 15571 | Gauntlet | Found a transporter.
 15571 | Gauntlet | Found a transporter.
 15659 | Gauntlet | Found a transporter.
 15660 | Gauntlet | Found a transporter.
 15661 | Gauntlet | Noticed a catoblepas
 15746 | Gauntlet | Found a transporter.
 15752 | Gauntlet | Noticed a catoblepas
 15756 | Gauntlet | Found a transporter.
 15756 | Gauntlet | Found a transporter.
 15756 | Gauntlet | Noticed a thrashing horror
 15756 | Gauntlet | Noticed a thrashing horror
 15759 | Gauntlet | Found a transporter.
 15786 | Gauntlet | Found a transporter.
 15795 | Gauntlet | Found a transporter.
 15817 | Gauntlet | Found a transporter.
 15827 | Gauntlet | Found a transporter.
 15831 | Gauntlet | Found a large runed translucent door.
 15867 | Gauntlet | Found a transporter.
 15869 | Gauntlet | Found a large runed translucent door.
 15869 | Gauntlet | Found a large runed translucent door.
 15870 | Gauntlet | Found a large runed translucent door.
 15870 | Gauntlet | Found a large runed translucent door.
 15871 | Gauntlet | Found a runed translucent door.
 15871 | Gauntlet | Found a large runed translucent door.
 15871 | Gauntlet | Found a runed translucent door.
 15871 | Gauntlet | Found a large runed translucent door.
 15871 | Gauntlet | Found a large runed translucent door.
 15872 | Gauntlet | Found a large runed translucent door.
 15872 | Gauntlet | Found a large runed translucent door.
 15875 | Gauntlet | Found a large runed translucent door.
 15875 | Gauntlet | Found a large runed translucent door.
 15877 | Gauntlet | Found a large runed translucent door.
 15877 | Gauntlet | Found a large runed translucent door.
 15877 | Gauntlet | Found a large runed translucent door.
 15879 | Gauntlet | Found a runed translucent gate.
 15879 | Gauntlet | Found a runed translucent gate.
 15879 | Gauntlet | Found a runed translucent gate.
 15880 | Gauntlet | Noticed a soul eater
 15881 | Gauntlet | Found a transporter.
 15892 | Gauntlet | Found a large runed translucent door.
 15982 | Gauntlet | Found a transporter.
 15998 | Gauntlet | Found a transporter.
 16895 | Gauntlet | Got a pair of ichor-stained gloves
 16902 | Gauntlet | Killed a thrashing horror
 16907 | Gauntlet | Killed a thrashing horror
 16907 | Gauntlet | Reached **** piety under Vehumet
 17179 | Gauntlet | Noticed a minotaur
 17432 | Lair:1   | Learned a level 6 spell: Ozocubu's Refrigeration
 17624 | Lair:1   | Reached skill level 5 in Armour
 17673 | Lair:1   | Offered knowledge of Bolt of Magma by Vehumet.
 17674 | Lair:1   | Reached skill level 1 in Ice Magic
 17854 | Lair:1   | Reached skill level 2 in Ice Magic
 17880 | Lair:1   | Reached skill level 10 in Conjurations
 17897 | Lair:1   | Reached skill level 3 in Ice Magic
 18375 | Lair:2   | Got an ichor-stained ring mail
 18387 | Lair:2   | Reached skill level 4 in Ice Magic
 18483 | Lair:2   | Reached skill level 5 in Ice Magic
 18869 | Lair:2   | Identified the +2 pair of gloves of Generosity {-Cast +Inv
                  | rPois rC++} (You found it in a Gauntlet)
 18873 | Lair:2   | Identified the +4 ring mail of Hysteria {Int+2 Dex+4} (You
                  | found it on level 2 of the Lair of Beasts)
 19142 | Lair:2   | Reached skill level 6 in Ice Magic
 19240 | Lair:2   | Found a staircase to the Snake Pit.
 19385 | Lair:2   | Reached XP level 13. HP: 53/79 MP: 25/25
 19666 | Lair:2   | Found a staircase to the Shoals.
 19676 | Lair:2   | Reached skill level 7 in Ice Magic
 20485 | Lair:3   | Reached skill level 8 in Ice Magic
 20496 | Lair:3   | Reached ***** piety under Vehumet
 20762 | Lair:3   | Offered knowledge of Starburst by Vehumet.
 20885 | Lair:3   | Reached skill level 9 in Ice Magic
 21122 | Lair:3   | Found a runed translucent door.
 21122 | Lair:3   | Noticed kelmiir's ghost (journeyman OpFE)
 21526 | Lair:3   | Noticed Gastronok
 21531 | Lair:3   | Killed Gastronok
 21532 | Lair:3   | Reached skill level 10 in Spellcasting
 21619 | Lair:3   | Reached skill level 10 in Ice Magic
 22269 | Lair:4   | Noticed an entropy weaver
 22271 | Lair:4   | Noticed an entropy weaver
 22274 | Lair:4   | Reached skill level 11 in Ice Magic
 22274 | Lair:4   | Killed an entropy weaver
 22275 | Lair:4   | Gained mutation: Your large and strong wings let you fly
                  | indefinitely. [Gargoyle growth]
 22275 | Lair:4   | Reached XP level 14. HP: 86/86 MP: 28/28
 22275 | Lair:4   | Killed an entropy weaver
 22308 | Lair:4   | Learned a level 5 spell: Metabolic Englaciation
 22487 | Lair:4   | Got a slimy leather armour
 22498 | Lair:4   | Identified the +2 leather armour of the Onion {rC++ rCorr}
                  | (You found it on level 4 of the Lair of Beasts)
 23227 | Lair:5   | Found a transporter.
 23236 | Lair:5   | Found a transporter.
 23270 | Lair:5   | Found a one-way gate to the infinite horrors of the Abyss.
 23270 | Lair:5   | Noticed Ruewk's ghost (journeyman CeAM)
 23279 | Lair:5   | Identified the +2 rapier of Tomorrow {distort, rPois rF+
                  | Int+5}
 23310 | Lair:5   | Found a runed translucent door.
 23310 | Lair:5   | Found a viscous altar of Jiyva.
 23324 | Lair:5   | Reached skill level 12 in Ice Magic
 23589 | Lair:5   | Offered knowledge of Iron Shot by Vehumet.
 23597 | Lair:5   | Learned a level 6 spell: Iron Shot
 24356 | Lair:5   | Found a staircase to the Slime Pits.
 24632 | Lair:6   | Entered Level 6 of the Lair of Beasts
 24632 | Lair:6   | Noticed Rupert
 24636 | Lair:6   | Reached skill level 10 in Fighting
 24643 | Lair:6   | Paralysed by Rupert for 6 turns
 24651 | Lair:6   | HP: 4/88 [Rupert/+5 great mace of holy wrath (13)]
 25010 | Lair:6   | Killed Rupert
 25557 | Lair:6   | Reached skill level 13 in Ice Magic
 25835 | Lair:6   | Found a runed translucent gate.
 25835 | Lair:6   | Found a runed translucent gate.
 25835 | Lair:6   | Found a runed translucent gate.
 25840 | Lair:6   | Noticed hydrownug's ghost (journeyman OgWn)
 25956 | Lair:6   | Found a bloodstained altar of Trog.
 26070 | Lair:6   | Reached skill level 14 in Ice Magic
 26127 | Lair:6   | Offered knowledge of Iskenderun's Battlesphere by Vehumet.
 26331 | Lair:6   | Reached XP level 15. HP: 92/92 MP: 20/29
 26615 | Lair:6   | Reached skill level 15 in Ice Magic
 27196 | Lair:6   | Offered knowledge of Orb of Destruction by Vehumet.
 27933 | Lair:6   | Killed hydrownug's ghost
 28382 | Orc:1    | Entered Level 1 of the Orcish Mines
 28396 | Orc:1    | Found a roughly hewn altar of Beogh.
 28447 | Orc:1    | Found a dark tunnel.
 28456 | Volcano  | Entered a volcano
 28551 | Volcano  | Found a bloodstained altar of Trog.
 28623 | Volcano  | Reached skill level 16 in Ice Magic
 28716 | Orc:1    | Found Hazyisyt's Distillery.
 28728 | Orc:1    | Bought a potion of haste for 120 gold pieces
 28865 | Orc:1    | Noticed Erolcha
 28865 | Orc:1    | Noticed an orc warlord
 28867 | Orc:1    | Offered knowledge of Lightning Bolt by Vehumet.
 28868 | Orc:1    | Killed Erolcha
 28869 | Orc:1    | Killed an orc warlord
 29195 | Orc:1    | Reached skill level 5 in Dodging
 29353 | Orc:2    | Entered Level 2 of the Orcish Mines
 29444 | Orc:2    | Reached XP level 16. HP: 97/97 MP: 25/30
 29604 | Orc:2    | Found Riatesch's Gadget Shop.
 29607 | Orc:2    | Reached skill level 17 in Ice Magic
 29607 | Orc:2    | Reached ****** piety under Vehumet
 29607 | Orc:2    | Offered knowledge of Conjure Ball Lightning by Vehumet.
 29745 | Orc:2    | Found Hufaac's Jewellery Shop.
 29755 | Orc:2    | Found Vokugef's General Store.
 29760 | Orc:2    | Found Murphuda's General Store.
 29773 | Orc:2    | Bought a scroll of acquirement for 832 gold pieces
 29773 | Orc:2    | Acquired an uncursed staff of earth
 29775 | Orc:2    | Acquired 657 gold pieces
 29793 | Orc:2    | Bought the amulet of the Four Winds {rN+ Will+++ Clar} for
                  | 526 gold pieces
 29793 | Orc:2    | Found the amulet of the Four Winds {rN+ Will+++ Clar}
 29793 | Orc:2    | Bought the ring "Adeopranibb" {Wiz rC+} for 528 gold pieces
 30040 | Orc:2    | Found a staircase to the Elven Halls.
 30432 | D:11     | Found a bloodstained altar of Trog.
 31317 | D:12     | Reached skill level 1 in Staves
 31385 | D:12     | Noticed Nessos
 31397 | D:12     | Killed Nessos
 31527 | D:12     | You are sucked into a shaft and drop 2 floors!
 32381 | D:13     | Found a shimmering altar of Xom.
 32807 | D:13     | Identified Qoeczale's Almanac of Sand
 33033 | D:13     | Identified Miyry's Handbook of Plaster Cramp
 33040 | D:13     | Identified Ts'ui Pên's Compendium of Forking Paths
 33642 | D:14     | Found a transporter.
 33716 | D:14     | Offered knowledge of Lehudib's Crystal Spear by Vehumet.
 34347 | D:14     | Reached skill level 18 in Ice Magic
 34356 | D:14     | Found a gate to the Vaults.
 34595 | D:14     | Found a transporter.
 34598 | D:14     | Noticed Qymaymp's ghost (adept GrEE)
 34887 | D:14     | Reached XP level 17. HP: 102/102 MP: 27/31
 34888 | D:14     | Killed Qymaymp's ghost
 35298 | D:15     | Entered Level 15 of the Dungeon
 35636 | D:15     | Identified the Compendium of Virous Air
 35749 | D:15     | Reached skill level 5 in Staves
 35864 | D:15     | Offered knowledge of Shatter by Vehumet.
 35864 | D:15     | Offered knowledge of Chain Lightning by Vehumet.
 35864 | D:15     | Offered knowledge of Absolute Zero by Vehumet.
 36190 | D:15     | Found a staircase to the Depths.
 37154 | Snake:1  | Entered Level 1 of the Snake Pit
 37180 | Snake:1  | Found Pochele's Jewellery Shoppe.
 37273 | Snake:1  | Found Tibul's Book Shoppe.
 39088 | Snake:2  | Reached skill level 19 in Ice Magic
 39953 | Snake:2  | You are sucked into a shaft and drop 1 floor!
 40850 | Snake:3  | Reached XP level 18. HP: 107/107 MP: 12/33
 40860 | Snake:3  | Learned a level 9 spell: Absolute Zero
 40979 | Snake:3  | Identified the +2 robe of Lugonu's Grace {rF+ Regen+
                  | Stlth-}
 42434 | Snake:4  | Entered Level 4 of the Snake Pit
 43441 | Snake:4  | Reached skill level 20 in Ice Magic
 43728 | Snake:4  | Got a serpentine rune of Zot
 44383 | Vaults:1 | Entered Level 1 of the Vaults
 45162 | Vaults:1 | Got a sparkling tin amulet
 45276 | Vaults:1 | Reached skill level 10 in Dodging
 45277 | Vaults:1 | Reached XP level 19. HP: 44/112 MP: 26/35
 46974 | Vaults:1 | Reached skill level 21 in Ice Magic
 47238 | Shoals:1 | Entered Level 1 of the Shoals
 47238 | Shoals:1 | Found Enyrch's Distillery.
 47241 | Shoals:1 | Found Sopt's Armour Boutique.
 47253 | Shoals:1 | Bought a potion of heal wounds for 55 gold pieces
 47430 | Shoals:1 | Found Etsam's Weapon Boutique.
 47434 | Shoals:1 | Found Ezov's Magic Scroll Shop.
 47442 | Shoals:1 | Bought a scroll of acquirement for 832 gold pieces
 47442 | Shoals:1 | Acquired 844 gold pieces
 47456 | Shoals:1 | Found Tehuk's Assorted Antiques.
 48048 | Shoals:1 | Bought a scroll of identify for 54 gold pieces
 48048 | Shoals:1 | Bought a fading leather armour for 189 gold pieces
 48048 | Shoals:1 | Identified the amulet "Zystro" {Faith rElec rN+++ Will-}
                  | (You found it on level 1 of the Vaults)
 48504 | Shoals:2 | Noticed Polyphemus
 48509 | Shoals:2 | Killed Polyphemus
 48798 | Shoals:2 | Found Cebarem's Weapon Emporium.
 49543 | Shoals:2 | Noticed Ilsuiw
 49547 | Shoals:2 | Killed Ilsuiw
 50737 | Shoals:3 | Found a shimmering altar of Xom.
 51469 | Shoals:4 | Entered Level 4 of the Shoals
 51472 | Shoals:4 | Reached XP level 20. HP: 117/117 MP: 30/37
 51617 | Shoals:4 | Noticed Bai Suzhen
 51620 | Shoals:4 | Killed Bai Suzhen
 51627 | Shoals:4 | Reached skill level 22 in Ice Magic
 52278 | Shoals:4 | Got a barnacled rune of Zot
 53657 | Elf:1    | Entered Level 1 of the Elven Halls
 53848 | Elf:1    | Found a shimmering blue altar of Sif Muna.
 53983 | Elf:1    | Identified Roxanne's Volume of Changing
 53983 | Elf:1    | Noticed Roxanne
 53988 | Elf:1    | Killed Roxanne
 54633 | Elf:1    | Identified the +2 leather armour of Dogma {rElec} (You
                  | bought it in a shop on level 1 of the Shoals)
 54634 | Elf:1    | Identified the +3 broad axe of Ashesesoipt {vorpal, *Rage
                  | rElec rN+++ Stlth+} (You found it on level 1 of the Elven
                  | Halls)
 54685 | Elf:1    | Reached skill level 1 in Shields
 54788 | Elf:1    | Identified the cursed +1 lajatang "Polopuw" {drain, *Drain
                  | Str+7 Stlth+} (You found it on level 1 of the Elven Halls)
 55625 | Elf:2    | Found Otuv's Gadget Boutique.
 56063 | Elf:2    | Reached skill level 5 in Shields
 56118 | Elf:2    | Found a runed translucent gate.
 56118 | Elf:2    | Found a runed translucent gate.
 56301 | Elf:2    | Found a runed translucent gate.
 56561 | Elf:2    | Reached XP level 21. HP: 122/122 MP: 32/39
 56574 | Elf:2    | Reached skill level 23 in Ice Magic
 56579 | Elf:2    | Noticed Jorgrun
 56585 | Elf:2    | Killed Jorgrun
 56954 | Elf:2    | Reached skill level 15 in Spellcasting
 60462 | Vaults:3 | Found a transporter.
 60484 | Vaults:3 | Found a transporter.
 60487 | Vaults:3 | Identified the ring "Enaimiet" {Fire Str+7}
 60499 | Vaults:3 | Noticed a golden dragon
 60713 | Vaults:3 | Reached skill level 10 in Shields
 61306 | Vaults:3 | Found Kuezxuem's Distillery.
 61308 | Vaults:3 | Reached XP level 22. HP: 126/127 MP: 41/41
 61317 | Vaults:3 | Bought a potion of heal wounds for 70 gold pieces
 61317 | Vaults:3 | Bought a potion of heal wounds for 70 gold pieces
 61317 | Vaults:3 | Bought a potion of heal wounds for 70 gold pieces
 61478 | Vaults:3 | Found a staircase to the Crypt.
 62993 | Vaults:4 | Reached skill level 24 in Ice Magic
 64409 | Vaults:4 | Noticed Xtahua
 64410 | Vaults:4 | Killed Xtahua
 64900 | Elf:3    | Entered Level 3 of the Elven Halls
 65132 | Elf:3    | Reached XP level 23. HP: 110/132 MP: 32/43
 65586 | Elf:3    | Identified the Almanac of Glacial Unholy Secrets
 65597 | Elf:3    | Identified the +7 demon trident of the Inquisitive Seas
                  | {vamp, +Fly Stlth+} (You found it on level 3 of the Elven
                  | Halls)
 66373 | Depths:1 | Entered Level 1 of the Depths
 66559 | Depths:1 | Found a gateway to Hell.
 66784 | Depths:1 | Found a runed translucent door.
 66786 | Depths:1 | Noticed a golden dragon
 66787 | Depths:1 | Noticed a juggernaut
 67132 | Depths:1 | Found a portal to a secret trove of treasure.
 67791 | Depths:1 | Noticed a golden dragon
 67797 | Depths:1 | Killed a golden dragon
 67938 | Depths:1 | Identified the ring of the Lotus Blossom {Wiz rPois rF+
                  | Str+4 Slay+2}
 67941 | Depths:1 | Reached skill level 25 in Ice Magic
 68339 | Depths:1 | Reached skill level 15 in Shields
 68482 | Depths:1 | Learned a level 9 spell: Shatter
 68507 | Depths:1 | Found a gateway to a ziggurat.
 69791 | Lair:5   | Killed Ruewk's ghost
 70079 | Depths:1 | You paid a toll of +2 fire dragon scales to enter a
                  | treasure trove
 70080 | Trove    | Entered a treasure trove
 70092 | Trove    | Got a spiked cloak
 70102 | Trove    | Identified the +2 cloak of Weirdness {Str-3 Dex+9 Stlth+}
                  | (You found it in a treasure trove)
 70106 | Trove    | Got a heavily runed kite shield
 70116 | Trove    | Identified the +1 kite shield of the Maze {Int+2} (You
                  | found it in a treasure trove)
 70123 | Trove    | Got a colourful robe
 70125 | Trove    | Got a polished hat
 70141 | Trove    | Got a pair of encrusted boots
 70151 | Trove    | Identified the +2 pair of boots of Vlad {Harm rF- Str+6}
                  | (You found it in a treasure trove)
 70167 | Trove    | Got a steaming ring mail
 70200 | Depths:1 | Identified the cursed +0 ring mail of the Forest {rElec
                  | Dex+4} (You found it in a treasure trove)
 70272 | Depths:1 | Killed a juggernaut
 70273 | Depths:1 | Reached XP level 24. HP: 125/139 MP: 44/44
 70999 | Depths:2 | Found a one-way gate leading to the halls of Pandemonium.
 72310 | Depths:3 | Got a slimy amber ring
 72312 | Depths:3 | Identified the ring of Ontejulu {*Slow Will+ Dex+5 SInv
                  | Stlth+} (You found it on level 3 of the Depths)
 72325 | Depths:3 | Got a bound ivory amulet
 72326 | Depths:3 | Identified the amulet "Susif" {+Blink rF++ Regen+} (You
                  | found it on level 3 of the Depths)
 72389 | Depths:3 | Noticed Saint Roka
 72396 | Depths:3 | Killed Saint Roka
 72545 | Depths:3 | Identified Tychetwa's Guide on Evil Flames
 72677 | Depths:3 | Identified Sif Muna's Almanac of Creative Unholy Magic
 72823 | Depths:3 | Learned a level 3 spell: Spider Form
 72832 | Depths:3 | Learned a level 7 spell: Spellforged Servitor
 73171 | Depths:4 | Noticed Jory
 73174 | Depths:4 | Killed Jory
 73842 | Depths:4 | Reached XP level 25. HP: 132/147 MP: 32/45
 74074 | Depths:4 | Reached skill level 15 in Earth Magic
 74122 | Depths:4 | Identified the Reference Book on Contamination and Heat
 74565 | Vaults:5 | Entered Level 5 of the Vaults
 74695 | Vaults:5 | Reached skill level 10 in Armour
 74854 | Vaults:5 | Reached skill level 10 in Staves
 74881 | Vaults:5 | Identified the ring of Kutesh {MP+9 Dex+3}
 75665 | Vaults:5 | Identified the ring of Komusez {Wiz rF+}
 75827 | Vaults:5 | Noticed an ancient lich
 75828 | Vaults:5 | Killed an ancient lich
 75829 | Vaults:5 | Reached skill level 1 in Summonings
 75829 | Vaults:5 | Reached XP level 26. HP: 156/156 MP: 45/45
 75984 | Vaults:5 | Identified the +0 helmet "Hududeac" {Str+3} (You found it
                  | on level 5 of the Vaults)
 75987 | Vaults:5 | Got a silver rune of Zot
 76133 | Vaults:5 | Got a pitted bronze ring
 76134 | Vaults:5 | Identified the ring "Kevedghob" {*Tele rC+ Str+2} (You
                  | found it on level 5 of the Vaults)
 76816 | Vaults:5 | Identified the +4 falchion "Usomued" {antimagic, Int+2}
 77757 | Depths:5 | Entered Level 5 of the Depths
 77785 | Depths:5 | Noticed Sojobo
 77925 | Depths:5 | Killed Sojobo
 77979 | Depths:5 | Found Jipneunu's Jewellery Shop.
 78036 | Depths:5 | Reached skill level 5 in Summonings
 78765 | Depths:5 | Found a gate to the Realm of Zot.
 79206 | Depths:5 | Reached XP level 27. HP: 142/162 MP: 45/45
 79634 | Depths:4 | Voluntarily entered the Abyss.
 80235 | Abyss:1  | Reached skill level 15 in Conjurations
 80531 | Abyss:1  | Paralysed by you for 4 turns
 80778 | Abyss:2  | Found a corrupted altar of Lugonu.
 81410 | Abyss:3  | Reached skill level 1 in Evocations
 82415 | Abyss:4  | Found a shimmering altar of Xom.
 82417 | Abyss:4  | Got an abyssal rune of Zot
 82435 | Depths:4 | Escaped the Abyss
 82437 | Depths:4 | Reached skill level 5 in Evocations
 82849 | Hell     | Entered the Vestibule of Hell
 82849 | Hell     | Noticed Geryon
 82859 | Hell     | Killed Geryon
 83162 | Hell     | Reached skill level 15 in Fighting
 83813 | Hell     | Found a gateway to the freezing wastes of Cocytus.
 83985 | Hell     | Found a gateway to the Iron City of Dis.
 84110 | Hell     | Found a gateway to the ashen valley of Gehenna.
 84257 | Hell     | Found a gateway to the decaying netherworld of Tartarus.
 84386 | Geh:1    | Entered Level 1 of Gehenna
 86043 | Geh:7    | Entered Level 7 of Gehenna
 86352 | Geh:7    | HP: 2/170 [hellion/damnation (38)]
 86363 | Geh:7    | Killed from afar by a balrug

Illustrated notes

Levels and vault maps discovered:
D:1:      lightli_arrival_statue_moat, layout_rooms
D:2:      layout_basic, roderic_serpentine_path
D:3:      layout_basic, uniq_jessica, uniq_ijyb
D:4:      layout_gridville, dancing_weapons_uskayaw,
          nicolae_dithmenos_through_a_glass_darkly
D:5:      layout_basic, serial_undead, serial_undead_d, serial_undead_b,
          serial_undead_f, serial_undead_d, uniq_crazy_yiuf_cottage,
          uniq_sigmund, uniq_pikel
D:6:      layout_loops_corners, lemuel_old_faithful, uniq_edmund
D:7:      layout_loops_ring, nicolae_overflow_crystal_walls,
          minmay_temple_entry_drinking_statues,
          gammafunk_ghost_berserking_beasts
D:8:      layout_loops_corners, hangedman_feature_mirror, dk_noncrumbling_4
D:9:      minmay_the_grid_four_pointed_star
          [minmay_the_grid_triangle_9x9_swiss_cheese,
          minmay_the_grid_triangle_9x9_sprig,
          minmay_the_grid_triangle_9x9_intruding_spiral,
          minmay_the_grid_triangle_9x9_dagger,
          minmay_the_grid_prize_four_corners], layout_loops_cross,
          amethyst_overflow_temple_binary, serial_shops, shop_coins
D:10:     layout_small_grid, minmay_lair_entry_lava, orc_0_dummy,
          enter_bailey_2, special_room [special_room_bee], minivault_16,
          kb_rosetta
D:11:     layout_roguey, trog_ov_bears_minmay
D:12:     layout_cave_pools, uniq_nessos
D:13:     layout_cave_pods, basic_altar, serial_bayou_pond_c,
          bh_hangedman_babel_library
D:14:     layout_cave_pods, ximxim_vaults_locker_room, solitary_fountain,
          gammafunk_ghost_mausoleum, st_stairs_8
D:15:     gammafunk_depths_entry_grave, layout_basic,
          chequers_serial_rivers_micro_e
Temple:   minmay_crystal_spiral_temple
Lair:1:   layout_hall_layers, gauntlet_entry_generic, uniq_fannar
Lair:2:   beast_lair_carwin_large_1, layout_long_grid,
          elwin_shoals_entry_stream, minmay_snake_entry_guardpost_medium,
          special_room, nicolae_quartered_pool_little, minivault_23
Lair:3:   nzn_winding_woodlands_three_and_one
          [nzn_winding_woodlands_5x15_longhouse,
          nzn_winding_woodlands_5x15_sawtooth, nzn_winding_woodlands_5x15_eye,
          nzn_winding_woodlands_center_pierced_h], layout_loops_ring,
          hellmonk_ghost_happy_afterlife, minmay_lair_oklob_chamber,
          uniq_gastronok
Lair:4:   layout_cave_pods, zaba_anthell
Lair:5:   layout_regular_city, slime_altar_2, gammafunk_ghost_abyssal_escape,
          nzn_sisyphean_effort
Lair:6:   hangedman_lair_caniforms_friends, layout_cave_pods,
          hangedman_lair_tendril_chambers, basic_altar,
          gammafunk_ghost_necromancy, uniq_rupert
Shoals:1: layout_shoals, serial_shops, shop, nicolae_shop_waterfront,
          shop_fountains, shop, nicolae_shop_temple_entry_statues_fountains
Shoals:2: layout_shoals, serial_shops, nicolae_shop_statue_plus,
          uniq_polyphemus, uniq_ilsuiw
Shoals:3: cheibrodos_shoals_roost, layout_shoals, lemuel_centaur_altar
Shoals:4: shoals_end_grunt_ice, layout_shoals, uniq_bai_suzhen
Snake:1:  layout_grid_maze, minmay_shop_star, lemuel_fruit_tree
Snake:2:  layout_basic
Snake:3:  layout_cave_town, serial_bayou_shore_b
Snake:4:  snake_pit, layout_cave_town, drop_trap
Orc:1:    lemuel_ogre_cave, layout_diamond_mine, serial_shops, shop,
          basic_altar, enter_volcano_3, special_room [special_room_kobold]
Orc:2:    st_orc_open, layout_caves, nicolae_orc_crystal_geode
Elf:1:    minmay_elf_arrival_circle, layout_geoelf_diagonals,
          hangedman_elven_crosses_minicolossus, lemuel_statue_altar,
          uniq_roxanne
Elf:2:    layout_geoelf_diagonals, serial_shops, shop,
          serial_sigils_hangedman_snap, minivault_28, uniq_jorgrun
Elf:3:    minmay_elf_hall_quartered_circle, layout_geoelf_grid,
          wad_floor_pattern_2
Vaults:1: nicolae_vaults_twisting_passages, nicolae_vaults_asterisk, v_misc_30,
          nicolae_vaults_little_squares_6, nicolae_vaults_ninety_degrees,
          v_rooms_3, v_pattern_4, v_misc_22, nicolae_vaults_network_square,
          ontoclasm_vaults_ring_small, v_misc_22, layout_vaults_ring
Vaults:2: ontoclasm_vaults_eye, nicolae_vaults_sealed_display, v_misc_22,
          v_alt_pattern_4, v_misc_32, vaults_room_boxed, vaults_dpeg_ring,
          layout_vaults_omnigrid
Vaults:3: nicolae_vaults_little_squares_6, nicolae_vaults_network_periphery,
          gammafunk_the_bubble [the_bubble_gammafunk_grid],
          minmay_crypt_entry_simple_statues, nicolae_vaults_little_squares_4,
          ontoclasm_vaults_pinch, v_misc_16, vaults_dpeg_cross,
          nicolae_vaults_yaktaur_gun_rack, v_pattern_2, vaults_room_semicircle,
          grunt_vaults_funnel, vaults_dpeg_diagonal, layout_vaults_omnibox,
          serial_shops, shop
Vaults:4: nicolae_vaults_network_quinsquares
          [nicolae_vaults_network_quincunx_subvault,
          nicolae_vaults_network_quincunx_subvault,
          nicolae_vaults_network_quincunx_subvault,
          nicolae_vaults_network_quincunx_subvault], hangedman_vaults_trim,
          v_rooms_4, ontoclasm_vaults_spin, grunt_vaults_hallway_long,
          v_rooms_2, hangedman_vaults_cutoff, nicolae_vaults_little_squares_6,
          nicolae_vaults_diagonal_hallway_8, layout_vaults_omnicross,
          uniq_xtahua
Vaults:5: serial_shops
Depths:1: minmay_crescents, layout_gridlike, enter_ziggurat_a,
          nicolae_trove_entry_free_sample, serial_sigils_hangedman_stare,
          pf_hell_entry_tar_river, lightli_gold_pyramid
Depths:2: lemuel_flame_loot_2, layout_basic, nicolae_sextant,
          rand_demon_pan_entry_7, hell_entry
Depths:3: vault_1, layout_basic, hell_entry, minmay_strange_pillars, pan_entry,
          abyss_entry_small_statue_room, grunt_decor_resistance,
          hangedman_abyss_or_decor_jellyfish_corner, uniq_saint_roka
Depths:4: evilmike_marble_ring, layout_cave_pools, grunt_hell_horde,
          abyss_entry, infiniplex_staircase_door_maze, uniq_jory
Depths:5: grunt_zot_entry_bicorn, layout_cross, serial_shops,
          nicolae_shop_trees, hell_entry, chequers_hall_statues_corner_a,
          bh_walls_and_bars, uniq_sojobo
Hell
Geh:1:    layout_gehenna_lava_caves
Geh:2:    layout_gehenna_pools_basic, nicolae_geh_amphitheater
Geh:3:    layout_gehenna_pools_triple
Geh:4:    layout_gehenna_pools_box
Geh:5:    layout_gehenna_pools_triple, nicolae_geh_single_fiery_grave
Geh:6:    layout_gehenna_pools_triple
Geh:7:    geh_grunt

Skill      XL: |  1  2  3  4  5  6  7  8  9 10 11 12 13 14 15 16 17 18 19 20 21 22 23 24 25 26 27 |
---------------+----------------------------------------------------------------------------------+-----
Earth Magic    | 4 5 6 7 9 10 11 13 14 15 16 20 | 20.7
Spellcasting   | 3 4 6 7 8 10 11 12 13 14 15 16 17 18 20 | 20.3
Fighting       | 2 4 6 8 9 10 12 13 16 | 16.7
Dodging        | 2 5 7 8 10 | 10.0
Conjurations   | 2 6 9 10 13 14 16 | 16.7
Armour         | 3 6 7 9 10 | 10.0
Ice Magic      | 6 11 14 16 18 19 20 21 22 23 24 25 | 25.0
Staves         | 3 5 8 11 12 | 12.0
Shields        | 5 10 13 15 | 15.0
Summonings     | 1 6 8 |  8.0
Evocations     | 6 |  6.2
Stealth        | |  2.1
Transmutations | |  0.7

Action                   |  1- 3 |  4- 6 |  7- 9 | 10-12 | 13-15 | 16-18 | 19-21 | 22-24 | 25-27 || total
-------------------------+-------+-------+-------+-------+-------+-------+-------+-------+-------++-------
Melee: Unarmed           |    97 |       |       |       |       |       |       |       |       ||    97
       Rapier            |    31 |    23 |       |       |       |       |       |       |       ||    54
       Dagger            |       |   149 |       |       |       |       |       |       |       ||   149
       Short sword       |       |    88 |     6 |       |       |       |       |       |       ||    94
       Whip              |       |       |    68 |       |       |       |       |       |       ||    68
       Quarterstaff      |       |       |   198 |   397 |       |       |       |       |       ||   595
       Staff             |       |       |       |    12 |   303 |   458 |   234 |   312 |  1423 ||  2742
 Cast: Sandblast         |    23 |    42 |    37 |   119 |    62 |    72 |    19 |    12 |     3 ||   389
       Lee's Rapid Decon |       |       |     2 |    52 |    21 |    15 |    14 |    17 |    18 ||   139
       Stone Arrow       |       |       |       |    16 |     2 |     3 |       |       |       ||    21
       Mephitic Cloud    |       |       |       |    24 |       |       |       |       |       ||    24
       Petrify           |       |       |       |     5 |       |     1 |       |       |       ||     6
       Ozocubu's Refrige |       |       |       |       |   216 |   296 |   343 |   259 |   312 ||  1426
       Iron Shot         |       |       |       |       |     6 |    22 |    49 |     6 |     9 ||    92
       Metabolic Englaci |       |       |       |       |     2 |     2 |     1 |     1 |     3 ||     9
       Absolute Zero     |       |       |       |       |       |       |    20 |    39 |   106 ||   165
       Shatter           |       |       |       |       |       |       |       |     1 |    12 ||    13
 Abil: Evoke Flight      |       |       |       |     2 |       |       |       |       |       ||     2
       Fly               |       |       |       |       |     1 |       |       |       |       ||     1
Evoke: Wand              |       |       |       |       |     1 |       |       |       |       ||     1
  Use: Scroll            |     4 |     2 |     6 |    14 |     7 |    10 |    11 |    11 |     5 ||    70
       Potion            |       |       |       |     1 |       |       |       |       |       ||     1
 Stab: Sleeping          |     2 |     3 |     2 |     1 |     1 |     3 |     1 |     5 |     1 ||    19
       Petrified         |       |       |     3 |       |       |       |       |       |       ||     3
       Paralysed         |       |       |     2 |     3 |       |       |       |       |       ||     5
       Confused          |       |       |     1 |     1 |       |       |       |       |       ||     2
       Distracted        |       |       |       |       |     2 |       |       |       |     5 ||     7
Armor: Robe              |    52 |   119 |    59 |       |       |       |       |       |       ||   230
       Leather armour    |       |       |    99 |   444 |   318 |   383 |   182 |   146 |   406 ||  1978
Dodge: Dodged            |   103 |   209 |   206 |   459 |   237 |   442 |   195 |   159 |   670 ||  2680
Block: Buckler           |       |       |       |       |       |       |    44 |    29 |       ||    73
       Kite shield       |       |       |       |       |       |       |       |   178 |   704 ||   882
       Reflection        |       |       |       |       |       |       |       |    13 |    15 ||    28
